 Dungeon Crawl Stone Soup version 0.27-a0-1046-g98bf31544f (webtiles) character file.

Game seed: 6035692820240694419

1 jestyr24 the Firebug (level 1, 0/14 HPs)
             Began as a Draconian Fire Elementalist on Apr 19, 2021.
             Slain by a jackal (3 damage)
             ... on level 1 of the Dungeon.
             The game lasted 00:00:40 (86 turns).

jestyr24 the Firebug (Draconian Fire Elementalist)    Turns: 86, Time: 00:00:40

Health: 0/14       AC:  4    Str: 10    XL:     1   Next: 16%
Magic:  0/3        EV: 12    Int: 15    God:
Gold:   0          SH:  0    Dex: 11    Spells: 3/4 levels left

rFire    . . .     SeeInvis .   (no weapon)
rCold    . . .     Faith    .   (no shield)
rNeg     . . .     Spirit   .   (armour unavailable)
rPois    .         Reflect  .   (helmet restricted)
rElec    .         Harm     .   (no cloak)
rCorr    .         Rampage  .   (no gloves)
Will     .....                  (no boots)
Stlth    ++........             (no amulet)
HPRegen  0.04/turn              (no ring)
MPRegen  0.08/turn              (no ring)

@: no status effects
A: AC +4, unfitting armour, cold-blooded
a: no special abilities


You were on level 1 of the Dungeon.
You visited 1 branch of the dungeon, and saw 1 of its levels.

Inventory:

Scrolls
 a - a scroll of identify {unknown}


   Skills:
 + Level 1.7 Dodging
 + Level 1.7 Stealth
 + Level 2.0 Spellcasting
 + Level 1.0 Conjurations
 + Level 3.1 Fire Magic


You had 3 spell levels left.
You knew the following spells:

 Your Spells              Type           Power      Damage    Failure   Level
a - Foxfire               Conj/Fire      28%        2x1d5     10%         1

Your spell library contained the following spells:

 Spells                   Type           Power      Damage    Failure   Level
 Conjure Flame            Conj/Fire      7%         6-21      28%         3
 Inner Flame              Hex/Fire       6%         N/A       34%         3
 Sticky Flame             Conj/Fire      7%         2d3       67%         4
 Fireball                 Conj/Fire      3%         3d4       95%         5


Dungeon Overview and Level Annotations

Branches:
Dungeon (1/15)

Altars:


Innate Abilities, Weirdness & Mutations

Your plain brown scales are hard. (AC +4)
You cannot fit into any form of body armour.
You are cold-blooded and may be slowed by cold attacks.


Message History

The jackal closely misses you.
There is an escape hatch in the floor here.
The jackal barely misses you. The jackal bites you. The jackal misses you.
The jackal bites you.
You conjure some foxfire!
The jackal bites you.
You hit the jackal.
The jackal is lightly wounded.
The foxfire hits the jackal but does no damage.
The jackal is lightly wounded.
The foxfire hits the jackal but does no damage.
The jackal is lightly wounded.
The jackal barely misses you. The jackal bites you.
You conjure some foxfire!
The foxfire hits the jackal.
The jackal is heavily wounded.
You hit the jackal but do no damage.
The foxfire hits the jackal.
The jackal is severely wounded.
The jackal bites you. The jackal misses you. The jackal completely misses you.
You conjure some foxfire!
The jackal barely misses you. x2
The jackal bites you but does no damage.
You closely miss the jackal. You tail-slap the jackal.
You kill the jackal!
The jackal closely misses you.
The foxfire hits the jackal but does no damage.
The jackal bites you.
You closely miss the jackal. The jackal bites you. x2
* * * LOW HITPOINT WARNING * * *
You are too injured to fight recklessly!
Casting: Foxfire (safe; 10% risk of failure)
Confirm with . or Enter, or press ? or * to list all spells.
You don't have enough magic to cast this spell.
Unknown command.
You hit the jackal but do no damage. The jackal barely misses you.
The jackal misses you.
The jackal bites you but does no damage.
You barely miss the jackal.
The jackal bites you but does no damage.
The jackal barely misses you. The jackal bites you.
You die...

..... .. ........
.....#.# .....#.#
####### #
.....#.#.#.....#..##
..Jgh+.#.#.........#
.....#.#.#...#####
.......#.#...#gh@#
.#####J#.#.....#h#
.......#.#.#####J#
......h#.#.#.....#
......h#.#..>#...#
..####g#.#####...# .
#..#.#...g.....#
#.##.###h#.....#
#.....h..#######.


You could see an endoplasm, 2 jackals and a hobgoblin.

Vanquished Creatures
  A jackal (D:1)
1 creature vanquished.

Vanquished Creatures (others)
  4 foxfires (D:1)
4 creatures vanquished.

Grand Total: 5 creatures vanquished

Notes
Turn   | Place    | Note
-------+----------+-------------------------------------------
     0 | D:1      | jestyr24 the Draconian Fire Elementalist began the quest
                  | for the Orb.
     0 | D:1      | Reached XP level 1. HP: 14/14 MP: 3/3
    86 | D:1      | Slain by a jackal

Illustrated notes

Levels and vault maps discovered:
D:1:      ebering_trefoil_twist, layout_basic

Action                   || total
-------------------------++-------
Melee: Unarmed           ||     6
       Tailslap          ||     1
 Cast: Foxfire           ||     3
Armor: Skin              ||     5
Dodge: Dodged            ||    17

Table legend: (Time is in decaauts)
 A = Elapsed time spent in this place.
 B = Non-inter-level travel time spent in this place.
 C = Inter-level travel time spent in this place.
 D = Time resting spent in this place.
 E = Time spent auto-exploring this place.
 F = Levels seen in this place.
 G = Mean time per level.
                   A        B        C        D        E       F      G
               +--------+--------+--------+--------+--------+-----+--------+
         Total |     86 |     86 |      0 |      0 |     46 |   1 |   86.0 |
       Dungeon |     86 |     86 |      0 |      0 |     46 |   1 |   86.0 |
               +--------+--------+--------+--------+--------+-----+--------+

Top non-repeatable levels by time:
     D:1: 86 daAuts
